 Dungeon Crawl Stone Soup version 0.30-a0-457-g4b7bca3bfa (webtiles) character file.

Game seed: 9086961175875114124

8223 ytrimaz the Fighter (level 11, -2/77 (83) HPs)
             Began as a Formicid Fighter on Dec 12, 2022.
             Was a Follower of Hepliaklqana.
             Slain by a skeletal warrior
             ... wielding a +0 halberd
              (16 damage)
             ... on level 9 of the Dungeon.
             The game lasted 00:12:12 (8003 turns).

ytrimaz the Fighter (Formicid Fighter)              Turns: 8003, Time: 00:12:13

HP:   -2/77 (83)    AC: 21    Str: 21    XL:     11   Next: 51%
MP:   9/11          EV:  6    Int:  8    God:    Hepliaklqana [*.....]
Gold: 1594          SH:  5    Dex: 17    Spells: 10/10 levels left

rFire   . . .      SeeInvis +    m - +7 Singing Sword {vorpal, sonic wave}
rCold   . . .      Faith    .    c - +0 buckler
rNeg    . . .      Spirit   .    A - +0 plate armour
rPois   .          Reflect  .    (helmet unavailable)
rElec   .          Harm     .    D - +0 cloak
rCorr   +          Rampage  .    f - +1 pair of gloves
Will    +....                    E - +1 pair of boots
Stlth   ..........               t - amulet of the acrobat
HPRegen 0.32/turn                g - ring of flight
MPRegen 0.12/turn                B - ring of resist corrosion

@: flying, drained
A: reduced essence, permanent stasis, dig shafts and tunnels, antennae 3, four
strong arms
a: Dig, Shaft Self, Renounce Religion, Recall Ancestor, Ancestor Identity


You were on level 9 of the Dungeon.
You worshipped Hepliaklqana.
Hepliaklqana was aware of your devotion.
You visited 2 branches of the dungeon, and saw 11 of its levels.

You collected 1693 gold pieces.
You spent 99 gold pieces at shops.


Innate Abilities, Weirdness & Mutations

Your life essence is reduced to manifest your ancestor. (-10% HP)
You cannot be hasted, slowed, berserked, paralysed or teleported.
You can dig through walls and to a lower floor.
You have a pair of large antennae on your head. (SInv)
Your four strong arms can wield two-handed weapons with a shield.


   Skills:
 + Level 11.4 Fighting
 + Level 10.2 Long Blades
 + Level 11.3 Armour
 - Level 4.0 Shields


You had 10 spell levels left.
You didn't know any spells.
Your spell library contained the following spells:

 Spells                   Type           Power      Damage    Failure   Level
 Beastly Appendage        Tmut           0%         N/A       100%        1
 Magic Dart               Conj           0%         1d3       100%        1
 Call Imp                 Summ           0%         N/A       100%        2
 Momentum Strike          Conj/Tloc      0%         3d8       100%        2
 Wereblood                Tmut           0%         N/A       100%        2
 Lesser Beckoning         Tloc           0%         N/A       100%        3
 Mephitic Cloud           Conj/Pois/Air  0%         N/A       100%        3
 Ozocubu's Armour         Ice            0%         N/A       100%        3
 Spider Form              Tmut/Pois      0%         N/A       100%        3
 Alistair's Intoxication  Tmut/Pois      0%         N/A       100%        5
 Borgnjor's Vile Clutch   Necr/Erth      0%         N/A       100%        5
 Metabolic Englaciation   Hex/Ice        0%         N/A       100%        5
 Eringya's Noxious Bog    Tmut/Pois      0%         N/A       100%        6
 Simulacrum               Ice/Necr       0%         N/A       100%        6
 Blink                    Tloc           Unusable   N/A       N/A         2

Inventory:

Hand Weapons
 a - a +0 long sword
 m - the +7 Singing Sword (weapon) {vorpal, sonic wave}
   (You acquired it on level 2 of the Dungeon)

   It inflicts extra damage upon your enemies.
   It radiates damaging sonic waves as it strikes, especially in combat
   involving dangerous or numerous foes.
Armour
 c - a +0 buckler (worn)
 f - a +1 pair of gloves (worn)
   (You found it on level 1 of the Dungeon)
 A - a +0 plate armour (worn)
   (You took it off an orc warrior on level 8 of the Dungeon)
 D - a +0 cloak (worn)
   (You found it on level 6 of the Dungeon)
 E - a +1 pair of boots (worn)
   (You found it on level 6 of the Dungeon)
Jewellery
 g - a ring of flight (left hand)
   (You found it on level 1 of the Dungeon)
 r - an amulet of guardian spirit
   (You found it on level 4 of the Dungeon)
 t - an amulet of the acrobat (around neck)
   (You found it on level 3 of the Dungeon)
 u - a ring of fire
   (You found it on level 3 of the Dungeon)
 v - a ring of protection from fire
   (You found it on level 8 of the Dungeon)
 B - a ring of resist corrosion (right hand)
   (You found it on level 6 of the Dungeon)
Wands
 y - a wand of charming (12)
   (You found it on level 5 of the Dungeon)
 F - a wand of mindburst (9)
   (You found it on level 9 of the Dungeon)
 H - a wand of acid (6)
   (You found it on level 9 of the Dungeon)
Scrolls
 b - a scroll of identify
 l - 2 scrolls of fear
 n - 2 scrolls of enchant weapon
 q - a scroll of acquirement
 s - 2 scrolls of poison
 w - a scroll of immolation
 z - a scroll of fog
 G - a scroll of brand weapon {unknown}
 I - a scroll of silence {unknown}
 J - a scroll of amnesia
Potions
 d - 3 potions of might
 e - 3 potions of curing {unknown}
 h - 2 potions of flight {unknown}
 i - 2 potions of mutation {unknown}
 j - a potion of resistance
 k - a potion of invisibility {unknown}
 o - a potion of ambrosia {unknown}
 p - 3 potions of attraction
 x - 3 potions of cancellation {unknown}
 C - a potion of heal wounds {unknown}

Dungeon Overview and Level Annotations

Branches:
Dungeon (10/15) Zot: 25867  Temple (1/1) D:7 Zot: 5891    Lair (0/5) D:9
    Orc: D:9-12

Altars:
Ashenzari
Cheibriados
Dithmenos
Elyvilon
Fedhas
Gozag
Hepliaklqana
Kikubaaqudgha
Makhleb
Nemelex Xobeh
Okawaru
Qazlal
Ru
Sif Muna
Trog
Uskayaw
Vehumet
Wu Jian
Xom
Yredelemnul
Zin
The Shining One

Shops:
D:3 (:[   D:8 [ D:9

? #<.# #######<## ####..)... ##.#
#..# #..)... #.# #######'##
##...). #.# #........# ##.)..
##.#### #........# #######.##.
......######........# #......).>.
##.##......#........###.#####)###
#.#######.'...Rz...'...# #)# #.#
###>..>@...##### #.# #.#
#######+## #.# #.# ##.# #.## #.#
##..# #..# #.# #รท.## ##.# #.#
#####)### ####.## ##'####
#.......#### #......
......######..........## #......
......'...##..<....##..## #......


You could see the friendly Gaius the ancestor and a skeletal warrior (ally
target).


Message History

๐Ÿ˜ฎ HP[+1] ๐Ÿ˜ฎ HP[+1]
You hear a zap.
You hear a grinding noise. ๐Ÿ˜ฎ HP[+1] ๐Ÿ˜ฎ HP[+1]
You hear a zap.
You hear a grinding noise. ๐Ÿ˜ฎ HP[+1]
You hear a zap.
You hear a grinding noise. ๐Ÿ˜ฎ HP[+1] Non-targeted abil: Dig
Press: ? - help, Q - select action, (/) - cycle Dir - look around, f - activate
Okay, then.
You extend your mandibles.
You dig through the rock wall.
You feel drained.
You now have 77 max hp (-3).
You retract your mandibles.
Unknown command. ๐Ÿ˜ฎ HP[+1]
You see here a +0 pair of boots. ๐Ÿ˜ฎ HP[+1] Gaius emerges from the mists of memory! ๐Ÿ˜• HP[+1] ๐Ÿ˜• HP[+1] ๐Ÿ˜• HP[+1] Gaius barely misses the skeletal warrior.
Gaius hits the skeletal warrior but does no damage.
The skeletal warrior hits Gaius with a +1 flail of draining!
Gaius barely misses the skeletal warrior. ๐Ÿ˜• HP[+1]
Something completely misses Gaius. ๐Ÿ˜• HP[+1] ๐Ÿ˜• HP[+1] ๐Ÿ˜• HP[+1] ๐Ÿ˜• HP[+1] ๐Ÿ˜• HP[+1] ๐Ÿ˜• HP[+1] ๐Ÿ˜• HP[+1] ๐Ÿ˜• HP[+1] ๐Ÿ˜• HP[+1]
There is a stone staircase leading up here. ๐Ÿ˜• HP[+1]
There is a stone staircase leading up here.
The skeletal warrior hits you from afar with a +0 halberd! ๐Ÿ˜• HP[-11]
You take 11 damage, and now have 60/77 hp. ๐Ÿ˜• HP[+1]
The skeletal warrior hits you with a +0 halberd!
Gaius hits the skeletal warrior!
There is a stone staircase leading up here. ๐Ÿ˜ฎ HP[-11]
You take 11 damage, and now have 50/77 hp.
The skeletal warrior hits you but does no damage.
Gaius hits the skeletal warrior but does no damage.
You fly upwards.
There is a stone staircase leading down here. ๐Ÿ˜ฎ HP[+1] Unknown command.
Unknown command.
Gaius is recalled.
The skeletal warrior hits you but does no damage. ๐Ÿ˜ฎ MP[-2]
You lost 2 mp, and now have 9/11 mp.
Unknown command.
Unknown command.
The skeletal warrior hits you with a +0 halberd!
* * * LOW HITPOINT WARNING * * *
๐Ÿ˜จ HP[-13]
You take 13 damage, and now have 38/77 hp.
Unknown command.
You hit the skeletal warrior but do no damage.
The skeletal warrior hits you with a +0 halberd!
* * * LOW HITPOINT WARNING * * *
Gaius hits the skeletal warrior but does no damage. ๐Ÿ˜จ HP[-13]
You take 13 damage, and now have 25/77 hp.
You hit the skeletal warrior.
The skeletal warrior hits you but does no damage.
Gaius closely misses the skeletal warrior.
You slash the skeletal warrior!
The Singing Sword shouts loudly.
You send a blast of sound all around you.
The skeletal warrior hits you with a +0 halberd.
* * * LOW HITPOINT WARNING * * *
Gaius closely misses the skeletal warrior.
Unknown command. ๐Ÿ˜จ HP[-2]
You take 2 damage, and now have 23/77 hp.
Okay, then.
You closely miss the skeletal warrior.
The skeletal warrior hits you but does no damage.
Gaius hits the skeletal warrior but does no damage. ๐Ÿ˜จ HP[+1] Unknown command.
You slice the skeletal warrior!!
The skeletal warrior hits you with a +0 halberd!
* * * LOW HITPOINT WARNING * * *
Gaius hits the skeletal warrior but does no damage.
The skeletal warrior hits you with a +0 halberd!
You die...

Skill      XL: |  1  2  3  4  5  6  7  8  9 10 11 |
---------------+----------------------------------+-----
Fighting       | 4 5 6 7 8 10 11 | 11.4
Armour         | 4 5 6 7 8 10 11 | 11.3
Long Blades    | 3 4 5 6 7 9 10 | 10.2
Shields        | |  4.0

Action                   |  1- 3 |  4- 6 |  7- 9 | 10-12 || total
-------------------------+-------+-------+-------+-------++-------
Melee: Long sword        |    86 |    21 |       |       ||   107
       Double sword      |       |    62 |    93 |   126 ||   281
Invok: Recall Ancestor   |       |       |       |     1 ||     1
 Abil: Dig               |       |       |       |     1 ||     1
  Use: Scroll            |     2 |    11 |     6 |       ||    19
Armor: Scale mail        |    34 |    35 |    27 |    22 ||   118
       Plate armour      |       |       |       |    66 ||    66
Dodge: Dodged            |    45 |    45 |    44 |    84 ||   218
Block: Buckler           |    33 |    25 |    18 |    36 ||   112

Levels and vault maps discovered:
D:1:      onia_arrival_handbag, layout_rooms, serial_park_tiny_2,
          feat_on_display
D:2:      layout_basic
D:3:      layout_loops_corners, serial_shops, nicolae_shop_stone,
          nicolae_shop_trees, nicolae_shop_crystal, chequers_garden,
          minmay_misc_feat_cross
D:4:      layout_cave_pools, serial_bayou_pond_e
D:5:      layout_basic, nicolae_overflow_hallway_of_the_gods,
          kennysheep_generic_room_10, uniq_grinder, uniq_menkaure
D:6:      layout_cave_pods
D:7:      layout_cave_pods, minmay_temple_entry_poolview,
          eino_small_chamber_without_monster
D:8:      layout_rooms, lemuel_zombie_altar_kikubaaqudgha, serial_shops, shop,
          uniq_grum
D:9:      layout_roguey, grunt_lair_entry_orc_guard_hut, serial_shops,
          nicolae_shop_crystal
D:10:     layout_basic
Temple:   nicolae_temple_superstar

Notes
Turn   | Place    | Note
-------+----------+-------------------------------------------
     0 | D:1      | ytrimaz the Formicid Fighter began the quest for the Orb.
     0 | D:1      | Reached XP level 1. HP: 18/18 MP: 1/1
     0 | D:1      | magus.rc [v1.9.6]
     8 | D:1      | You pick up a book of Minor Magic and begin reading...
     8 | D:1      | You add the spells Magic Dart, Call Imp and Mephitic Cloud
                  | to your library.
    71 | D:1      | Reached XP level 2. HP: 22/24 MP: 2/2
   294 | D:1      | Reached XP level 3. HP: 30/30 MP: 3/3
   637 | D:2      | Reached skill level 4 in Fighting
   673 | D:2      | Reached skill level 4 in Armour
   673 | D:2      | Reached XP level 4. HP: 37/37 MP: 4/4
   731 | D:2      | Reached skill level 3 in Long Blades
  1171 | D:2      | Identified a scroll of acquirement
  1172 | D:2      | Acquired the +7 Singing Sword {vorpal, sonic wave}
  1172 | D:2      | Found the +7 Singing Sword {vorpal, sonic wave}
  1319 | D:3      | Reached XP level 5. HP: 43/43 MP: 5/5
  1321 | D:3      | Found Cilaarph's Book Shoppe.
  1323 | D:3      | Found Imalomn's Weapon Boutique.
  1624 | D:3      | Found Cyvveaza's Antique Armour Boutique.
  1718 | D:3      | Bought a pair of boots for 99 gold pieces
  2178 | D:4      | You pick up a book of Spatial Translocations and begin
                  | reading...
  2178 | D:4      | You add the spells Momentum Strike and Lesser Beckoning to
                  | your library.
  2203 | D:4      | You pick up a book of Changes and begin reading...
  2203 | D:4      | You add the spells Beastly Appendage, Wereblood and Spider
                  | Form to your library.
  2243 | D:4      | Acquired 1064 gold pieces
  2282 | D:4      | Reached XP level 6. HP: 47/50 MP: 6/6
  2506 | D:4      | Reached skill level 5 in Fighting
  2693 | D:5      | Entered Level 5 of the Dungeon
  2722 | D:5      | Noticed a yak
  2722 | D:5      | Noticed a yak
  2723 | D:5      | Noticed a yak
  2724 | D:5      | Noticed a yak
  2724 | D:5      | Noticed a yak
  2726 | D:5      | Killed a yak
  2727 | D:5      | Reached skill level 4 in Long Blades
  2727 | D:5      | Reached skill level 5 in Armour
  2727 | D:5      | Reached XP level 7. HP: 41/56 MP: 7/7
  2727 | D:5      | Killed a yak
  2727 | D:5      | Killed a yak
  2728 | D:5      | Reached skill level 6 in Fighting
  2728 | D:5      | Reached skill level 6 in Armour
  2729 | D:5      | Killed a yak
  2730 | D:5      | Reached skill level 5 in Long Blades
  2730 | D:5      | Reached XP level 8. HP: 49/65 MP: 8/8
  2736 | D:5      | Killed a yak
  2861 | D:5      | Noticed Menkaure
  2869 | D:5      | Killed Menkaure
  2942 | D:5      | Reached skill level 7 in Fighting
  2942 | D:5      | Reached skill level 6 in Long Blades
  2942 | D:5      | Reached skill level 7 in Armour
  3065 | D:5      | Reached XP level 9. HP: 72/72 MP: 9/9
  3211 | D:5      | Noticed Grinder
  3219 | D:5      | Killed Grinder
  3292 | D:5      | Reached skill level 8 in Fighting
  3339 | D:5      | Reached skill level 8 in Armour
  3479 | D:5      | Reached skill level 7 in Long Blades
  3577 | D:5      | Found a broken altar of Ashenzari.
  3593 | D:5      | Found a shimmering blue altar of Sif Muna.
  3596 | D:5      | Found a sparkling altar of Nemelex Xobeh.
  3596 | D:5      | Found a shimmering altar of Xom.
  3605 | D:5      | Found an opulent altar of Gozag.
  4861 | D:7      | You add the spells Alistair's Intoxication, Borgnjor's Vile
                  | Clutch and Eringya's Noxious Bog to your library.
  5247 | D:7      | Found a staircase to the Ecumenical Temple.
  5256 | Temple   | Entered the Ecumenical Temple
  5355 | Temple   | Became a worshipper of Hepliaklqana the Forgotten
  5506 | D:8      | Found Lyahupli's Armour Shoppe.
  5563 | D:8      | Found an ancient bone altar of Kikubaaqudgha.
  5696 | D:8      | Reached XP level 10. HP: 82/82 MP: 10/10
  5698 | D:8      | Reached skill level 9 in Fighting
  5698 | D:8      | Reached skill level 9 in Armour
  5706 | D:8      | Reached skill level 8 in Long Blades
  5724 | D:8      | Noticed Grum
  5733 | D:8      | Killed Grum
  5741 | D:7      | HP: 16/83 [wolf[Grum] (6)]
  6129 | D:9      | Noticed a two-headed ogre
  6140 | D:9      | Killed a two-headed ogre
  6141 | D:9      | Reached skill level 10 in Fighting
  6141 | D:9      | Reached skill level 9 in Long Blades
  6141 | D:9      | Reached skill level 10 in Armour
  6256 | D:9      | Reached XP level 11. HP: 90/92 MP: 11/11
  6594 | D:9      | Found Lenifyqa's Magic Scroll Shop.
  6634 | D:9      | Found a staircase to the Lair.
  6873 | D:10     | Entered Level 10 of the Dungeon
  6902 | D:10     | You pick up a book of Winter and begin reading...
  6902 | D:10     | You add the spells Ozocubu's Armour, Metabolic Englaciation
                  | and Simulacrum to your library.
  7021 | D:10     | Reached * piety under Hepliaklqana
  7027 | D:10     | Reached skill level 11 in Fighting
  7027 | D:10     | Reached skill level 11 in Armour
  7278 | D:10     | Noticed a two-headed ogre
  7285 | D:10     | Killed a two-headed ogre
  7286 | D:10     | Reached skill level 10 in Long Blades
  7668 | D:10     | Noticed a two-headed ogre
  7674 | D:10     | Killed a two-headed ogre
  7887 | D:10     | Noticed a skeletal warrior
  7889 | D:10     | Noticed a skeletal warrior
  7889 | D:10     | Noticed a skeletal warrior
  7890 | D:10     | Noticed a skeletal warrior
  8003 | D:9      | HP: 14/77 [skeletal warrior/+0 halberd (10)]
  8003 | D:9      | Slain by a skeletal warrior

Vanquished Creatures
  3 two-headed ogres
  A troll (D:10)
  Grinder (D:5)
  A hornet (D:10)
  2 wyverns
  A wraith (D:8)
  15 yaks
  Grum (D:8)
  Menkaure (D:5)
  An acid dragon (D:8)
  A water moccasin (D:5)
  A black bear (D:9)
  2 ice beasts (D:5)
  5 orc warriors
  2 wolves
  2 ogres (D:5)
  A centaur (D:10)
  A kobold brigand (D:9)
  6 bullfrogs
  A scorpion (D:6)
  3 killer bees (D:9)
  2 hounds
  4 jellies
  2 gnoll boudas
  7 orc priests
  5 iguanas
  6 orc wizards
  11 gnolls
  5 adders
  A shadow imp (D:5)
  2 ufetubi
  4 dart slugs
  23 orcs
  9 ball pythons
  2 bat zombies (D:8)
  6 endoplasms
  A giant cockroach (D:1)
  5 goblins
  2 hobgoblins (D:1)
  8 jackals
  14 kobolds
  6 quokkas
  9 bats
  4 frilled lizards
  7 rats
  2 rat zombies (D:8)
199 creatures vanquished.

Vanquished Creatures (collateral kills)
  A gnoll bouda (D:10)
1 creature vanquished.

Vanquished Creatures (others)
  An ancestor (D:10)
  An orc (D:9)
  17 fungi (D:9)
  17 plants (D:9)
36 creatures vanquished.

Grand Total: 236 creatures vanquished

Table legend:
 A = Non-vault XP
 B = Vault XP
 C = Vault XP percentage of total XP
 D = Non-vault monster count
 E = Vault monster count
 F = Vault count percentage of total count
                 A         B        C        D         E       F
            +---------+---------+-------+---------+---------+-------
      Total |   10373 |    1375 |  11.7 |     182 |      18 |   9.0
            +---------+---------+-------+---------+---------+-------
        D:1 |      43 |       8 |  15.7 |      25 |       4 |  13.8
        D:2 |      72 |       0 |   0.0 |      13 |       0 |   0.0
        D:3 |      38 |       0 |   0.0 |      16 |       0 |   0.0
        D:4 |     176 |       0 |   0.0 |      17 |       0 |   0.0
        D:5 |    1919 |     484 |  20.1 |      26 |       3 |  10.3
        D:6 |     240 |       0 |   0.0 |       7 |       0 |   0.0
        D:7 |     565 |     116 |  17.0 |      13 |       1 |   7.1
        D:8 |    1003 |     315 |  23.9 |      14 |       6 |  30.0
        D:9 |    3821 |     452 |  10.6 |      37 |       4 |   9.8
       D:10 |    2496 |       0 |   0.0 |      14 |       0 |   0.0
            +---------+---------+-------+---------+---------+-------

Illustrated notes

Table legend:
 A = Kills in this place as a percentage of kills in entire the game.
 B = Kills by you in this place as a percentage of kills by you in the entire game.
 C = Kills by friends in this place as a percentage of kills by friends in the entire game.
 D = Other kills in this place as a percentage of other kills in the entire game.
 E = Experience gained in this place as a percentage of experience gained in the entire game.
 F = Experience gained in this place divided by the number of levels of this place that you have seen.
                   A       B       C       D       E      F
               +-------+-------+-------+-------+-------+----------------------
         Total | 100.0 | 100.0 | 100.0 |   N/A | 100.0 | 1068.0
       Dungeon | 100.0 | 100.0 | 100.0 |   N/A | 100.0 | 1174.8
               +-------+-------+-------+-------+-------+----------------------

Table legend: (Time is in decaauts)
 A = Elapsed time spent in this place.
 B = Non-inter-level travel time spent in this place.
 C = Inter-level travel time spent in this place.
 D = Time resting spent in this place.
 E = Time spent auto-exploring this place.
 F = Levels seen in this place.
 G = Mean time per level.
                   A        B        C        D        E       F      G
               +--------+--------+--------+--------+--------+-----+--------+
         Total |   8083 |   7857 |    226 |    192 |   6188 |  11 |  734.8 |
       Dungeon |   7974 |   7756 |    218 |    192 |   6115 |  10 |  797.4 |
        Temple |    108 |    100 |      8 |      0 |     73 |   1 |  108.0 |
               +--------+--------+--------+--------+--------+-----+--------+

Top non-repeatable levels by time:
     D:5: 1132 daAuts
    D:10: 1123 daAuts
     D:7: 921 daAuts
     D:3: 890 daAuts
     D:6: 802 daAuts
     D:9: 756 daAuts
     D:2: 655 daAuts
     D:1: 634 daAuts
     D:4: 566 daAuts
     D:8: 491 daAuts
  Temple: 108 daAuts
